 Dungeon Crawl Stone Soup version 0.31-a0-152-g6aa68a64a1 (webtiles) character file.

Game seed: 18023470452172496642

191 jlumianski the Magician (level 6, -1/42 HPs)
             Began as a Djinni Fire Elementalist on June 10, 2023.
             Was an Initiate of Makhleb.
             Slain by an orc
             ... wielding a +0 hand axe
              (3 damage)
             ... on level 4 of the Dungeon.
             The game lasted 00:10:09 (3006 turns).

jlumianski the Magician (Djinni Fire Elementalist)  Turns: 3006, Time: 00:10:09

Health: -1/42      AC:  2    Str:  7    XL:     6   Next: 1%
Gold:   122        EV: 13    Int: 19    God:    Makhleb [......] SH:  5 Dex: 13

rFire   + + +        j - +1 dagger (venom)
rCold   . . .        (no shield)
rNeg    . . .        a - +0 robe
rPois   ∞            (no helmet)
rElec   +            (no cloak)
rCorr   +            (no gloves)
SInv    .            (boots unavailable)
Will    .....        c - amulet of reflection
Stlth   ++           (no ring)
HPRegen 0.27/turn    (no ring)
MPRegen 0.00/turn

%: reflection, infuse magic (-2 HP)
@: resistant, flying
A: sickness immunity, fire resistance 2, cold vulnerability 1, float, innate
caster, HP casting, extra vitality 1
a: Renounce Religion


You were on level 4 of the Dungeon.
You worshipped Makhleb.
Makhleb was noncommittal.
You visited 2 branches of the dungeon, and saw 5 of its levels.

You collected 122 gold pieces.

Inventory:

Hand Weapons
 g - a +0 short sword
 j - a +1 dagger of venom (weapon)
Armour
 a - a +0 robe (worn)
Jewellery
 c - an amulet of reflection (around neck)
Scrolls
 d - a scroll of enchant weapon
 e - a scroll of poison {unknown}
 f - a scroll of immolation
 l - a scroll of fear {unknown}
 m - a scroll of vulnerability
Potions
 b - a potion of attraction
 h - a potion of brilliance
 k - a potion of might {unknown}
 n - a potion of enlightenment {unknown}
 o - a potion of heal wounds {unknown}
 p - a potion of ambrosia {unknown}
 q - a potion of invisibility {unknown}
 r - a potion of mutation {unknown}
 s - a potion of degeneration {unknown}


   Skills:
 + Level 1.0 Fighting
 + Level 1.0 Short Blades
 + Level 3.5 Dodging
 + Level 2.7 Stealth
 + Level 0.2 Shields
 * Level 3.8 Spellcasting
 * Level 3.8 Conjurations
 * Level 3.8 Hexes
 * Level 3.8 Summonings
 * Level 3.8 Necromancy
 * Level 3.8 Translocations
 * Level 3.8 Transmutations
 * Level 3.8 Fire Magic
 * Level 3.8 Ice Magic
 * Level 3.8 Air Magic
 * Level 3.8 Earth Magic
 * Level 3.8 Poison Magic


You knew the following spells:

 Your Spells              Type           Power      Damage    Failure   Level
a - Foxfire               Conj/Fire      72%        2x1d7     3%          1
b - Scorch                Fire           36%        2d6       4%          2
c - Volatile Blastmotes   Fire/Tloc      36%        2d13      9%          3
d - Inner Flame           Hex/Fire       18%        N/A       9%          3
e - Flame Wave            Conj/Fire      18%        2d7       28%         4
f - Apportation           Tloc           36%        N/A       3%          1
g - Static Discharge      Conj/Air       36%        2-4/arc   4%          2
Your spell library was empty.

Dungeon Overview and Level Annotations

Branches:
Dungeon (4/15)             Temple (1/1) D:4

Altars:
Dithmenos
Elyvilon
Gozag
Hepliaklqana
Makhleb
Nemelex Xobeh
Qazlal
Xom
The Shining One


Innate Abilities, Weirdness & Mutations

You are immune to sickness and miasma.
You are immune to poison.
Your flesh is very heat resistant. (rF++)
You are vulnerable to cold. (rC-)
You float through the air rather than walking.
You learn spells naturally, not from books.
Your magical power is your life essence.
You have superior vitality. (+4 MHP)


Message History

You barely miss the orc wizard.
The orc wizard is severely wounded.
The orc is no longer more vulnerable to fire.
The foxfire hits the orc wizard but does no damage.
The orc wizard is severely wounded.
The orc barely misses you.
The orc wizard points at you and mumbles some strange words.
The magic dart hits you.
Casting: Foxfire (safe; 3% risk of failure)
Confirm with . or Enter, or press ? or * to list all spells.
You conjure some foxfire!
The orc hits you with a +0 hand axe.
* * * LOW HITPOINT WARNING * * *
The orc wizard hits you with a +0 dagger.
* * * LOW HITPOINT WARNING * * *
The orc closely misses you.
You hit the orc wizard but do no damage.
The orc wizard is poisoned.
The orc wizard is severely wounded.
The foxfire hits the orc wizard but does no damage.
The orc wizard is severely wounded.
The foxfire hits the orc wizard.
You kill the orc wizard!
Makhleb accepts your kill. You block the orc's attack.
The orc hits you with a +0 hand axe!
* * * LOW HITPOINT WARNING * * *
Your Fighting skill increases to level 1!
You have reached level 6!
Okay, then.
Casting: Foxfire (safe; 3% risk of failure)
Confirm with . or Enter, or press ? or * to list all spells.
Okay, then.
You hit the orc.
The orc is poisoned.
The orc is almost dead.
The orc closely misses you. You block the orc's attack.
You closely miss the orc.
The orc is almost dead.
It was a potion of resistance.
You feel protected. The orc hits you with a +0 hand axe.
You die...

#..............#
#.##...#..†#.#.#
#.##...#.....#.#
#.##....#..##..### ##
#.###...#..#.....#
...#.......#..#+###'#
#.#####...(..#.....#
... #.......#.###.#
#.##..#.##.#.@...# ##
#.#..#.##.+o)o..+ ...
##.....# #.....#
#...#.....## #.###.#
#.....#.# .#. ..#
##.##.##.##..#+ #+#
##.........#...
.............###
.#..⌠...⌠..#...


You could see 2 orcs.

Vanquished Creatures
  A black bear (D:4)
  An orc wizard (D:4)
  3 adders
  A worm (D:3)
  6 endoplasms
  4 goblins
  8 hobgoblins
  3 jackals (D:2)
  4 kobolds
  6 ball pythons
  3 bats
  2 frilled lizards (D:3)
  3 rats (D:2)
45 creatures vanquished.

Vanquished Creatures (others)
  92 foxfires
92 creatures vanquished.

Grand Total: 137 creatures vanquished

Notes
Turn   | Place    | Note
-------+----------+-------------------------------------------
     0 | D:1      | jlumianski the Djinni Fire Elementalist began the quest for
                  | the Orb.
     0 | D:1      | jlumianski set off with the following spells memorised:
                  | Foxfire, Scorch, Volatile Blastmotes, Inner Flame, Flame
                  | Wave.
     0 | D:1      | Reached XP level 1. HP: 15/15 MP: 0/0
   283 | D:1      | Reached XP level 2. HP: 21/21 MP: 0/0
   888 | D:2      | Reached XP level 3. HP: 23/25 MP: 0/0
   888 | D:2      | Learned a level 1 spell: Apportation
  1398 | D:2      | Reached XP level 4. HP: 20/31 MP: 0/0
  2757 | D:4      | Found a staircase to the Ecumenical Temple.
  2778 | Temple   | Entered the Ecumenical Temple
  2790 | Temple   | Became a worshipper of Makhleb the Destroyer
  2847 | D:4      | Noticed a black bear
  2856 | D:4      | Killed a black bear
  2857 | D:4      | Reached skill level 1 in Short Blades
  2857 | D:4      | Reached XP level 5. HP: 3/36 MP: 0/0
  2857 | D:4      | Learned a level 2 spell: Static Discharge
  2992 | D:4      | Found a sparkling altar of Nemelex Xobeh.
  3003 | D:4      | HP: 1/36 [orc/+0 hand axe (7)]
  3004 | D:4      | Reached skill level 1 in Fighting
  3004 | D:4      | Reached XP level 6. HP: 1/42 MP: 0/0
  3006 | D:4      | Slain by an orc

Illustrated notes

Levels and vault maps discovered:
D:1:      dpeg_arrival_round_c, layout_loops_ring
D:2:      layout_basic, kennysheep_generic_room_14
D:3:      layout_basic
D:4:      layout_loops_cross, slow_altar_1, mainiacjoe_overflow_six_doors_small,
          minmay_temple_entry_large_hall
Temple:   hellmonk_temple_rainy

Skill      XL: |  1  2  3  4  5 |
---------------+----------------+-----
Spellcasting   | |  3.8
Conjurations   | |  3.8
Hexes          | |  3.8
Summonings     | |  3.8
Necromancy     | |  3.8
Translocations | |  3.8
Transmutations | |  3.8
Fire Magic     | |  3.8
Ice Magic      | |  3.8
Air Magic      | |  3.8
Earth Magic    | |  3.8
Poison Magic   | |  3.8
Stealth        | 2 |  2.7
Dodging        | 3 |  3.5
Short Blades   | 1 |  1.0
Fighting       | 1 |  1.0
Shields        | |  0.2

Action                     |  1- 3 |  4- 6 || total
---------------------------+-------+-------++-------
  Melee: Short sword       |     2 |       ||     2
         Dagger            |    17 |    12 ||    29
   Cast: Foxfire           |    29 |    21 ||    50
         Scorch            |     2 |     8 ||    10
    Use: Potion            |     2 |     1 ||     3
         Scroll            |       |     3 ||     3
   Stab: Sleeping          |       |     2 ||     2
 Armour: Robe              |     3 |     1 ||     4
  Dodge: Dodged            |     4 |    22 ||    26
  Block: Other             |     6 |     5 ||    11

Table legend: (Time is in decaauts)
 A = Elapsed time spent in this place.
 B = Non-inter-level travel time spent in this place.
 C = Inter-level travel time spent in this place.
 D = Time resting spent in this place.
 E = Time spent auto-exploring this place.
 F = Levels seen in this place.
 G = Mean time per level.
                   A        B        C        D        E       F      G
               +--------+--------+--------+--------+--------+-----+--------+
         Total |   3007 |   2904 |    103 |    123 |   2207 |   5 |  601.4 |
       Dungeon |   2978 |   2875 |    103 |    123 |   2206 |   4 |  744.5 |
        Temple |     28 |     28 |      0 |      0 |      1 |   1 |   28.0 |
               +--------+--------+--------+--------+--------+-----+--------+

Top non-repeatable levels by time:
     D:3: 1123 daAuts
     D:2: 814 daAuts
     D:1: 803 daAuts
     D:4: 238 daAuts
  Temple: 28 daAuts
